 Dungeon Crawl Stone Soup version 0.31-a0-875-g02e7d12df6 (webtiles) character file.

Game seed: 16112159285093321016

1703 pokeman the Thaumaturge (level 8, -1/44 HPs)
             Began as a Deep Elf Hedge Wizard on Oct 13, 2023.
             Was an Initiate of Vehumet.
             Succumbed to a water moccasin's poison
             ... on level 6 of the Dungeon.
             The game lasted 00:12:25 (5885 turns).

pokeman the Thaumaturge (Deep Elf Hedge Wizard)     Turns: 5885, Time: 00:12:25

Health: -1/44      AC:  5    Str:  7    XL:     8   Next: 73%
Magic:  1/24       EV: 13    Int: 26    God:    Vehumet [......]
Gold:   342        SH:  0    Dex: 14    Spells: 10/27 levels left

rFire   . . .        B - +9 short sword of Annoyance {speed, Int+4}
rCold   . . .        (no shield)
rNeg    + . .        w - +2 robe {rN+}
rPois   .            c - +0 hat
rElec   .            (no cloak)
rCorr   .            (no gloves)
SInv    .            o - +0 pair of boots
Will    .....        (no amulet)
Stlth   +++          (no ring)
HPRegen 0.27/turn    (no ring)
MPRegen 0.19/turn

%: no passive effects
@: lethally poisoned (-1 -> -8), attractive, very slightly contaminated
A: no striking features
a: Renounce Religion


You were on level 6 of the Dungeon.
You worshipped Vehumet.
Vehumet was noncommittal.
You visited 2 branches of the dungeon, and saw 7 of its levels.

You collected 342 gold pieces.

Inventory:

Hand Weapons
 n - a +1 whip of pain
 B - the +9 short sword of Annoyance (weapon) {speed, Int+4}
   (You found it on level 5 of the Dungeon)

   Int+4:     It affects your intelligence (+4).
Armour
 c - a +0 hat (worn)
 o - a +0 pair of boots (worn)
 w - a +2 robe of positive energy (worn)
Wands
 y - a wand of flame (15)
 z - a wand of polymorph (3)
Scrolls
 a - a scroll of vulnerability {unknown}
 e - a scroll of silence {unknown}
 h - 5 scrolls of immolation {unknown}
 k - 2 scrolls of poison {unknown}
 m - 6 scrolls of identify {unknown}
 p - a scroll of enchant armour {unknown}
 t - a scroll of teleportation {unknown}
 u - a scroll of fear {unknown}
 v - 2 scrolls of revelation {unknown}
 x - 2 scrolls of enchant weapon {unknown}
Potions
 b - a potion of haste {unknown}
 d - 2 potions of magic
 f - a potion of lignification {unknown}
 g - 2 potions of resistance {unknown}
 i - a potion of might {unknown}
 j - a potion of mutation {unknown}
 l - 2 potions of attraction
 q - 2 potions of curing {unknown}
 r - 2 potions of enlightenment {unknown}
 s - a potion of brilliance {unknown}
 A - a potion of cancellation {unknown}
 C - a potion of heal wounds {unknown}


   Skills:
 - Level 2.0 Fighting
 + Level 2.2 Armour
 - Level 4.0 Dodging
 - Level 4.0 Stealth
 * Level 10.1 Spellcasting
 + Level 5.3 Conjurations
 - Level 1.1 Summonings
 - Level 1.1 Necromancy
 - Level 1.1 Translocations
 - Level 1.1 Transmutations
 + Level 3.7 Fire Magic
 - Level 1.0 Air Magic
 - Level 1.1 Poison Magic
 - Level 1.1 Evocations


You had 10 spell levels left.
You knew the following spells:

 Your Spells              Type           Power      Damage    Failure   Level
a - Magic Dart            Conj           100%       1d8       1%          1
b - Mephitic Cloud        Conj/Pois/Air  26%        N/A       4%          3
c - Call Imp              Summ           36%        N/A       4%          2
d - Blink                 Tloc           36%        N/A       4%          2
e - Flame Wave            Conj/Fire      36%        2d10      7%          4
f - Irradiate             Conj/Tmut      14%        3d16      34%         5

Your spell library contained the following spells:

 Spells                   Type           Power      Damage    Failure   Level
 Scorch                   Fire           64%        2d7       1%          2
 Sting                    Tmut/Pois      76%        1d6       2%          1
 Slow                     Hex            52%        N/A       4%          1
 Cigotuvi's Dreadful Rot  Necr/Pois/Air  36%        N/A       4%          2
 Poisonous Vapours        Pois/Air       36%        N/A       4%          2
 Wereblood                Tmut           18%        N/A       4%          2
 Volatile Blastmotes      Fire/Tloc      50%        2d14      4%          3
 Gell's Gravitas          Tloc           18%        N/A       9%          3
 Teleport Other           Tloc           18%        N/A       9%          3
 Iskenderun's Mystic Bla  Conj/Tloc      29%        2d7       12%         4
 Tukima's Dance           Hex            13%        N/A       14%         3
 Fulminant Prism          Conj/Hex       13%        3d9       16%         4
 Manifold Assault         Tloc           18%        N/A       28%         4
 Olgreb's Toxic Radiance  Pois           19%        N/A       28%         4
 Dimensional Bullseye     Hex/Tloc       8%         N/A       36%         4
 Dispersal                Tloc           9%         N/A       99%         6
 Summon Cactus Giant      Summ           9%         N/A       99%         6


Dungeon Overview and Level Annotations

Branches:
Dungeon (6/15)             Temple (1/1) D:5

Altars:
Ashenzari
Cheibriados
Dithmenos
Elyvilon
Fedhas
Gozag
Hepliaklqana
Kikubaaqudgha
Makhleb
Nemelex Xobeh
Okawaru
Qazlal
Ru
Sif Muna
Trog
Uskayaw
Vehumet
Wu Jian
Xom
Yredelemnul
Zin
The Shining One


Message History

Your cerulean imp hits the water moccasin with a -3 spear.
The water moccasin closely misses your cerulean imp.
Your cerulean imp hits the water moccasin but does no damage.
The water moccasin misses your cerulean imp.
The water moccasin bites your cerulean imp.
Your cerulean imp completely misses the water moccasin.
You feel ready to blink again.
Casting: Call Imp (safe; 4% risk of failure)
Confirm with . or Enter, or press ? or * to list all spells.
Aiming: Mephitic Cloud (dangerous; 4% risk of failure)
Press: ? - help, Shift-Dir - straight line The ball explodes into a vile cloud!
The stinking cloud engulfs the black bear but does no damage.
The black bear is lightly wounded.
The black bear is engulfed in noxious fumes.
The black bear appears confused.
The black bear is engulfed in noxious fumes.
The orc shouts!
The ogre is engulfed in noxious fumes.
The ogre appears confused.
The water moccasin bites you but does no damage.
Unknown command.
Casting: Mephitic Cloud (dangerous; 4% risk of failure)
Confirm with . or Enter, or press ? or * to list all spells.
You erupt in a fountain of uncontrolled magic!
The water moccasin is blasted with magical radiation!!
The water moccasin is severely wounded.
The water moccasin twists and deforms.
The black bear is blasted with magical radiation!!
The black bear is almost dead.
The black bear twists and deforms.
You are very lightly contaminated with residual magic.
The water moccasin bites you.
* * * LOW HITPOINT WARNING * * *
You are lethally poisoned!
The water moccasin poisons you! The black bear closely misses you.
The black bear claws you but does no damage. x2
Unknown command.
It was a potion of attraction.
You feel attractive to monsters.
You die...

#.. o.. #S#.#.# #.#.# #..
#.###.##5o.#.# .##.#.###..
........O#.#.# .# ........[..
#.###.###.##..)##.##.<#####.#..
.........oo..#.##.#...# #.#..
##.###.###h##........# #....
.....?....O.○..##.#...# #.#..
###########.○S..#.##..#####....
##...h@...##........###
#.........##.###.#..#
.......................#
####.........###.#....##
##.......## #.#..### ##.....##
#.#..# ##.>.## #.#..# #####
#.#..# #.....


You could see a water moccasin (misshapen), 2 black bears, an ogre (confused)
and 2 orcs.

Vanquished Creatures
  Prince Ribbit (D:5)
  Duvessa (D:5)
  Pargi (D:3)
  An ice beast (D:4)
  2 ogres
  A centaur (D:4)
  Blork the orc (D:6)
  3 bullfrogs (D:6)
  3 scorpions
  Dowan (D:5)
  A hound (D:4)
  An orc priest (D:4)
  2 iguanas
  Natasha (thrice) (D:4)
  4 orc wizards
  8 adders
  4 gnolls (D:2)
  A shadow imp (D:5)
  An ufetubus (D:5)
  2 dart slugs
  6 orcs
  4 ball pythons
  3 bats
  An endoplasm (D:3)
  2 giant cockroaches
  5 goblins
  9 hobgoblins
  5 jackals
  4 kobolds
  4 quokkas
  3 frilled lizards (D:2)
  10 rats
98 creatures vanquished.

Notes
Turn   | Place    | Note
-------+----------+-------------------------------------------
     0 | D:1      | pokeman the Deep Elf Hedge Wizard began the quest for the
                  | Orb.
     0 | D:1      | Reached XP level 1. HP: 10/10 MP: 7/7
   292 | D:1      | Reached XP level 2. HP: 16/16 MP: 9/9
  1260 | D:2      | Reached skill level 5 in Spellcasting
  1260 | D:2      | Reached XP level 3. HP: 12/20 MP: 0/11
  1278 | D:1      | Learned a level 3 spell: Mephitic Cloud
  1281 | D:1      | Learned a level 2 spell: Call Imp
  1284 | D:1      | Learned a level 2 spell: Blink
  1436 | D:2      | Reached skill level 1 in Fighting
  1436 | D:2      | Reached skill level 1 in Armour
  1948 | D:2      | Found a faded altar of an unknown god.
  1990 | D:2      | Reached XP level 4. HP: 11/25 MP: 3/13
  2437 | D:3      | Learned a level 4 spell: Flame Wave
  2506 | D:3      | Found a broken altar of Ashenzari.
  2694 | D:3      | Noticed Pargi
  2703 | D:3      | Noticed an ogre
  2712 | D:3      | Killed Pargi
  2713 | D:3      | Reached skill level 6 in Spellcasting
  2713 | D:3      | Reached XP level 5. HP: 24/29 MP: 6/15
  2723 | D:3      | Killed an ogre
  2724 | D:3      | Reached XP level 6. HP: 31/34 MP: 1/17
  3282 | D:4      | Noticed an ice beast
  3286 | D:4      | Noticed Natasha
  3298 | D:4      | Killed Natasha
  3299 | D:4      | Reached skill level 7 in Spellcasting
  3513 | D:4      | Killed an ice beast
  3514 | D:4      | Reached skill level 1 in Poison Magic
  3800 | D:4      | Noticed Natasha
  3806 | D:4      | Killed Natasha
  3807 | D:4      | Reached XP level 7. HP: 38/38 MP: 14/20
  3855 | D:4      | Reached skill level 1 in Necromancy
  3982 | D:4      | Noticed Natasha
  3993 | D:4      | Killed Natasha
  3994 | D:4      | Reached skill level 1 in Fire Magic
  3994 | D:4      | Reached skill level 1 in Air Magic
  4241 | D:5      | Entered Level 5 of the Dungeon
  4339 | D:5      | Noticed Prince Ribbit
  4358 | D:5      | Killed Prince Ribbit
  4359 | D:5      | Reached skill level 8 in Spellcasting
  4359 | D:5      | Reached skill level 1 in Evocations
  4387 | D:5      | Noticed Duvessa
  4392 | D:5      | Noticed Dowan
  4410 | D:5      | Killed Duvessa
  4412 | D:5      | Killed Dowan
  4527 | D:5      | Reached XP level 8. HP: 39/44 MP: 16/22
  4684 | D:5      | Learned a level 5 spell: Irradiate
  4908 | D:5      | Reached skill level 9 in Spellcasting
  5021 | D:5      | Identified the +9 short sword of Annoyance {speed, Int+4}
  5286 | D:5      | Found a staircase to the Ecumenical Temple.
  5292 | Temple   | Entered the Ecumenical Temple
  5347 | Temple   | Became a worshipper of Vehumet
  5552 | D:6      | Noticed Blork the orc
  5615 | D:6      | Killed Blork the orc
  5616 | D:6      | Reached skill level 1 in Transmutations
  5667 | D:6      | Reached skill level 5 in Conjurations
  5859 | D:6      | Reached skill level 10 in Spellcasting
  5869 | D:6      | HP: 1/44 [ogre/+0 giant spiked club (32)]
  5884 | D:6      | HP: 1/44 [water moccasin (4)]
  5885 | D:6      | Succumbed to a water moccasin's poison

Illustrated notes

Levels and vault maps discovered:
D:1:      heliophobic_arrival_dark_side_of_the_moon, layout_basic
D:2:      layout_loops_ring, hellmonk_ecumenical_altar_pennies_from_heaven
D:3:      layout_loops_ring, evilmike_ruin_ashenzari, uniq_pargi
D:4:      layout_cave_pools, uniq_natasha
D:5:      layout_gridville, minmay_temple_entry_fiery, solitary_fountain,
          uniq_duvessa, uniq_prince_ribbit1
D:6:      cheibrodos_thug_alley, layout_loops_ring,
          nicolae_concentric_dashed_squares_mild, grunt_ministairs_10,
          minmay_chambers_of_fives, uniq_blork_the_orc
Temple:   mainiacjoe_temple_starburst

Skill      XL: |  1  2  3  4  5  6  7  8 |
---------------+-------------------------+-----
Spellcasting   | 5 6 7 8 10 | 10.1
Fighting       | 1 2 |  2.0
Armour         | 1 2 |  2.2
Conjurations   | 2 3 4 5 |  5.3
Dodging        | 3 4 |  4.0
Stealth        | 3 4 |  4.0
Poison Magic   | 1 |  1.1
Necromancy     | 1 |  1.1
Fire Magic     | 2 3 |  3.7
Air Magic      | 1 |  1.0
Evocations     | 1 |  1.1
Transmutations | 1 |  1.1
Summonings     | |  1.1
Translocations | |  1.1

Action                     |  1- 3 |  4- 6 |  7- 9 || total
---------------------------+-------+-------+-------++-------
  Melee: Dagger            |    12 |       |       ||    12
         Spear             |     3 |    16 |       ||    19
         Short sword       |       |    10 |    52 ||    62
         Punch             |       |     1 |     1 ||     2
   Cast: Magic Dart        |    86 |    84 |    96 ||   266
         Mephitic Cloud    |     1 |     7 |    16 ||    24
         Call Imp          |     1 |       |     3 ||     4
         Blink             |       |     1 |     2 ||     3
         Flame Wave        |       |     1 |       ||     1
         Irradiate         |       |       |     1 ||     1
    Use: Potion            |       |       |     1 ||     1
   Stab: Sleeping          |     4 |     1 |       ||     5
         Confused          |     1 |     5 |     8 ||    14
 Armour: Robe              |    22 |    27 |    49 ||    98
         Skin              |       |       |     2 ||     2
  Dodge: Dodged            |    15 |    28 |    35 ||    78

Table legend: (Time is in decaauts)
 A = Elapsed time spent in this place.
 B = Non-inter-level travel time spent in this place.
 C = Inter-level travel time spent in this place.
 D = Time resting spent in this place.
 E = Time spent auto-exploring this place.
 F = Levels seen in this place.
 G = Mean time per level.
                   A        B        C        D        E       F      G
               +--------+--------+--------+--------+--------+-----+--------+
         Total |   5883 |   5589 |    294 |    124 |   4665 |   7 |  840.4 |
       Dungeon |   5774 |   5586 |    188 |    124 |   4665 |   6 |  962.3 |
        Temple |    108 |      2 |    106 |      0 |      0 |   1 |  108.0 |
               +--------+--------+--------+--------+--------+-----+--------+

Top non-repeatable levels by time:
     D:2: 1278 daAuts
     D:5: 1190 daAuts
     D:1: 1063 daAuts
     D:4: 1032 daAuts
     D:3: 869 daAuts
     D:6: 340 daAuts
  Temple: 108 daAuts
